AoeStats
← tonytctang

Arena

506806416Analyzed
4v4 RM · 17d ago on Sep 15, 2026· 39m 20s· 8 players
Game mode
Random Map
Map size
Large (8 player)
Population
200
Speed
Normal
Resources
Standard
Victory
Conquest
Starting age
Dark Age
Ending age
Imperial Age
RankedLock teamsTeams togetherTeam positionsShared explorationLock speedFull tech treeHidden civsTurbo modeCheats
Victory
Defeat
🇭🇰 Turks · Hong Kong SAR China
1110
+14
🇭🇰 Saracens · Hong Kong SAR China
1103
+14
🇹🇷 Teutons · Türkiye
1096
+14
🇧🇷 Spanish · Brazil
1061
+15
🇹🇼 Cumans · Taiwan
1084
-16
🇲🇽 Ethiopians · Mexico
1059
-14
🇦🇷 Burgundians · Argentina
1040
-14
🇨🇳 Byzantines · China
1033
-13
[GDL] DannX
10:27 Feudal Age
11:30 Double-Bit Axe
15:29 Castle Age
13:58 Stone Mining
cooldaban
11:49 Feudal Age
12:21 Loom
12:00 Man-at-Arms
19:24 Horse Collar
27:54 Castle Age
28:11 Scale Barding Armor
28:16 Forging
28:08 Scale Mail Armor
28:32 Bloodlines
28:34 Pikeman
31:15 Fletching
32:27 Bodkin Arrow
32:33 Padded Archer Armor
32:34 Elite Skirmisher
33:20 Thumb Ring
TaiwanIsChina's
11:17 Feudal Age
12:21 Double-Bit Axe
16:24 Loom
18:45 Castle Age
16:55 Horse Collar
17:08 Stone Mining
17:14 Gold Mining
19:53 Bow Saw
21:59 Wheelbarrow
23:35 Fortified Wall
TireTinTin
5:42 Double-Bit Axe
7:35 Wheelbarrow
11:14 Feudal Age
10:47 Horse Collar
12:22 Bow Saw
12:15 Heavy Plow
16:25 Hand Cart
19:28 Castle Age
18:32 Gold Mining
22:23 Two-Man Saw
23:02 Crop Rotation
22:36 Cavalier
23:17 Husbandry
24:12 Gold Shaft Mining
24:27 Fletching
29:25 Imperial Age
27:02 Stone Mining
26:55 Treadmill Crane
27:36 Ballistics
28:19 Loom
28:21 Town Watch
32:02 Chemistry
31:22 Bodkin Arrow
31:38 Forging
31:30 Padded Archer Armor
31:51 Elite Skirmisher
32:12 Paladin
33:58 Bracer
34:34 Iron Casting
34:05 Scale Barding Armor
37:03 Burgundian Vineyards
37:19 Conscription
kit7292001
4:11 Loom
11:21 Feudal Age
16:02 Castle Age
14:13 Double-Bit Axe
14:21 Horse Collar
23:22 Imperial Age
21:53 Bow Saw
23:24 Heavy Plow
29:44 Ballistics
36:25 Wheelbarrow
40:18 Two-Man Saw
39:10 Gold Mining
39:14 Stone Mining
Unknown
10:10 Feudal Age
10:38 Double-Bit Axe
10:35 Horse Collar
17:11 Castle Age
16:15 Stone Mining
18:25 Bow Saw
18:16 Heavy Plow
29:12 Imperial Age
29:35 Forging
29:30 Scale Barding Armor
29:26 Scale Mail Armor
30:55 Iron Casting
31:58 Two-Man Saw
31:12 Fortified Wall
31:44 Crop Rotation
31:15 Gold Mining
32:00 Stone Shaft Mining
31:19 Loom
32:10 Wheelbarrow
31:20 Town Watch
31:35 Pikeman
32:17 Squires
32:04 Arson
32:38 Chain Mail Armor
32:18 Gambesons
33:33 Chain Barding Armor
34:13 Blast Furnace
32:41 Halberdier
33:08 Cavalier
33:58 Bloodlines
34:17 Conscription
35:03 Plate Mail Armor
35:12 Hand Cart
34:58 Town Patrol
34:20 Capped Ram
36:34 Plate Barding Armor
36:11 Paladin
38:36 Ironclad
37:37 Elite Teutonic Knight
Danhão
11:54 Feudal Age
15:37 Castle Age
13:40 Double-Bit Axe
16:39 Bow Saw
17:20 Loom
19:09 Horse Collar
23:02 Wheelbarrow
23:21 Town Watch
26:34 Bloodlines
26:27 Husbandry
25:50 Light Cavalry
30:31 Hand Cart
31:23 Scale Barding Armor
31:18 Padded Archer Armor
31:58 Forging
36:15 Imperial Age
35:03 Chain Barding Armor
34:58 Leather Archer Armor
36:30 Cavalier
37:40 Conscription
37:10 Elite Conquistador
39:25 Ring Archer Armor
39:30 Plate Barding Armor
39:31 Iron Casting
39:41 Plate Barding Armor
tonytctang
3:15 Loom
11:25 Feudal Age
12:03 Horse Collar
12:10 Double-Bit Axe
17:43 Castle Age
16:23 Stone Mining
16:35 Gold Mining
18:46 Forging
18:57 Bow Saw
21:25 Town Watch
22:39 Gold Shaft Mining
23:14 Wheelbarrow
25:25 Hand Cart
28:43 Iron Casting
28:14 Scale Barding Armor
31:41 Bloodlines
31:32 Husbandry
31:54 Chain Barding Armor
31:57 Town Patrol
35:39 Imperial Age
37:37 Blast Furnace
37:14 Plate Barding Armor
36:03 Light Cavalry
36:39 Elite Mameluke
37:40 Conscription
38:54 Two-Man Saw
38:29 Heavy Plow
38:31 Caravan
39:01 Coinage
39:53 Masonry
39:23 Treadmill Crane
39:54 Fortified Wall
40:05 Ballistics
40:45 Chemistry
39:51 Siege Engineers
Connection lost

Rejoining the realm…

Still unreachable

The connection could not be restored.

Session expired

The server has moved on; the page needs a fresh start.